 Dungeon Crawl Stone Soup version 0.29.1-1-gd02db6906a (webtiles) character file.

Game seed: 11890041220082194059

173 dave1331 the Ruffian (level 5, -1/52 HPs)
             Began as a Troll Fighter on Oct 2, 2022.
             Was an Initiate of Yredelemnul.
             Slain by a white imp (4 damage)
             ... summoned by Eustachio
             ... on level 4 of the Dungeon.
             The game lasted 00:10:37 (2454 turns).

dave1331 the Ruffian (Troll Fighter)                Turns: 2454, Time: 00:10:39

Health: -1/52      AC:  4    Str: 26      XL:     5   Next: 28%
Magic:  4/4        EV: 10    Int:  4      God:    Yredelemnul [......]
Gold:   149        SH:  0    Dex:  8 (9)  Spells: 4/4 levels left

rFire   . . .      SeeInvis .   m - +0 falchion
rCold   . . .      Faith    .   d - orb {light}
rNeg    . . .      Spirit   .   a - +0 robe
rPois   .          Reflect  .   (helmet restricted)
rElec   .          Harm     .   (no cloak)
rCorr   .          Rampage  .   (gloves unavailable)
Will    .....                   (boots unavailable)
Stlth   +.........              (no amulet)
HPRegen 0.97/turn               (no ring)
MPRegen 0.09/turn               (no ring)

@: glowing
A: large, unfitting armour, claws 3, regeneration 1, shaggy fur 1, tough skin 1
a: Renounce Religion, Recall Undead Harvest


You were on level 4 of the Dungeon.
You worshipped Yredelemnul.
Yredelemnul was noncommittal.
You visited 1 branch of the dungeon, and saw 4 of its levels.

You collected 149 gold pieces.

Inventory:

Hand Weapons
 m - a +0 falchion (weapon)
Armour
 a - a +0 robe (worn)
 b - a +0 kite shield
 d - an orb of light (worn)
 k - a +0 helmet
Wands
 c - a wand of roots (3)
Scrolls
 g - a scroll of identify
 i - a scroll of magic mapping
 l - 2 scrolls of fear
Potions
 e - a potion of resistance
 f - a potion of mutation {unknown}
 h - 2 potions of curing
 j - 2 potions of berserk rage {unknown}


   Skills:
 + Level 2.8 Fighting
 + Level 3.3 Dodging
 + Level 3.2 Shields
 + Level 3.9 Unarmed Combat


You had 4 spell levels left.
You didn't know any spells.
Your spell library contained the following spells:

 Spells                   Type           Power      Damage    Failure   Level
 Blink                    Tloc           0%         N/A       65%         2
 Lesser Beckoning         Tloc           0%         N/A       86%         3
 Manifold Assault         Tloc           0%         N/A       100%        5


Dungeon Overview and Level Annotations

Branches:
Dungeon (4/15)
 Temple: D:4-7

Altars:
Fedhas
Uskayaw
Yredelemnul

Annotations:
D:4 Eustachio


Innate Abilities, Weirdness & Mutations

You are too large for most types of armour.
You have claws for hands.
Your natural rate of healing is unusually fast.
You are covered in fur. (AC +1)
You have tough skin. (AC +1)


Message History

You barely miss the white imp.
The white imp is severely wounded.
The white imp puffs mist at you. The white imp barely misses you.
The river rat bites you.
You hit the white imp.
You kill the white imp!
The white imp disappears in a puff of smoke!
The river rat bites you. The white imp hits you. The white imp freezes you.
You hit the white imp.
The white imp is lightly wounded.
The river rat closely misses you. Eustachio hits you with a +0 falchion.
The white imp barely misses you.
You hit the white imp but do no damage.
The white imp is lightly wounded.
The river rat barely misses you. Eustachio hits you with a +0 falchion.
The white imp gestures at you. The puff of frost misses you.
The puff of frost hits Eustachio.
The river rat bites you. Eustachio closely misses you.
You hit the white imp.
The white imp is lightly wounded.
The white imp gestures at you. The puff of frost hits you.
The river rat completely misses you. Eustachio hits you with a +0 falchion.
The white imp hits you but does no damage.
You hit the white imp but do no damage.
The white imp is lightly wounded.
The river rat completely misses you. Eustachio hits you with a +0 falchion.
* * * LOW HITPOINT WARNING * * *
The white imp gestures at you. The puff of frost hits you!
* * * LOW HITPOINT WARNING * * *
The river rat bites you.
* * * LOW HITPOINT WARNING * * *
Eustachio barely misses you.
The white imp disappears for a moment.
The white imp hits you.
* * * LOW HITPOINT WARNING * * *
The white imp freezes you.
You die...
Your body rises from the dead as a mindless zombie.

##.................#..
#..................#
#...............##
#.............#
###...........#
#<.#........#
#####.##........#
#..#r5##.....####
#...@.#.....##
#....@......#
#..........##
#.......[..##
#.$........#
#!.........###
...###........# .##
##<........#
###.........#


You could see Eustachio, a river rat (summoned) and a white imp (summoned).

Vanquished Creatures
  Terence (D:2)
  Robin (D:2)
  4 adders
  3 dart slugs
  5 orcs
  6 ball pythons
  2 bats (D:1)
  8 endoplasms
  4 giant cockroaches
  11 goblins
  14 hobgoblins
  4 jackals (D:1)
  A quokka (D:2)
  2 frilled lizards (D:1)
  9 kobolds
  2 rats
77 creatures vanquished.

Notes
Turn   | Place    | Note
-------+----------+-------------------------------------------
     0 | D:1      | dave1331 the Troll Fighter began the quest for the Orb.
     0 | D:1      | Reached XP level 1. HP: 22/22 MP: 0/0
   113 | D:1      | Found a faded altar of an unknown god.
   147 | D:1      | Reached XP level 2. HP: 29/29 MP: 1/1
   342 | D:1      | Reached XP level 3. HP: 36/36 MP: 2/2
   702 | D:2      | Noticed Terence
   716 | D:2      | Killed Terence
   717 | D:2      | Reached XP level 4. HP: 35/44 MP: 3/3
   900 | D:2      | Identified the +1 helmet of Skepticism {-Tele rC++ Str+4
                  | Slay+2}
   900 | D:2      | Noticed Robin
   939 | D:2      | Killed Robin
  1722 | D:3      | Reached XP level 5. HP: 52/52 MP: 4/4
  1976 | D:3      | Found a faded altar of an unknown god.
  2079 | D:3      | Found a basalt altar of Yredelemnul.
  2088 | D:3      | Prayed at the altar of an unknown god.
  2088 | D:3      | Became a worshipper of Fedhas Madash
  2088 | D:3      | Reached * piety under Fedhas
  2234 | D:4      | Found a hide-covered altar of Uskayaw.
  2287 | D:4      | Noticed Eustachio
  2361 | D:3      | Fell from the grace of Fedhas
  2361 | D:3      | Became a worshipper of Yredelemnul the Dark
  2454 | D:4      | Slain by a white imp

Illustrated notes

Levels and vault maps discovered:
D:1:      saegor_arrival_miasma, layout_rooms,
          shapermc_ecumenical_altar_flowoftime
D:2:      layout_basic, st_stairs_11, uniq_robin, uniq_terence
D:3:      layout_rooms, nicolae_overflow_ecumenical_swirl,
          kennysheep_generic_room_13
D:4:      layout_cave_pods, xom_confusion_cloud, eat_drink_and_be_merry_uskayaw,
          uniq_natasha, uniq_edmund, uniq_eustachio

Skill      XL: |  1  2  3  4 |
---------------+-------------+-----
Shields        | 3 |  3.2
Dodging        | 3 |  3.3
Unarmed Combat | 3 |  3.9
Fighting       | |  2.8

Action                   |  1- 3 |  4- 6 || total
-------------------------+-------+-------++-------
Melee: Unarmed           |    90 |    77 ||   167
       Falchion          |       |    52 ||    52
  Use: Scroll            |       |     6 ||     6
       Potion            |       |     5 ||     5
Armor: Robe              |    57 |    67 ||   124
Dodge: Dodged            |    67 |   130 ||   197
Block: Kite shield       |    51 |       ||    51
